cohdb
Replays
Latest Replays
All Replays
Popular Replays
Top Player Replays
Match Explorer
How It Works
Community
CoH3 Stats
Reddit
Sign in to upload your games and track your stats! →
Sign in with Steam
Match 25338278
Unlisted
Match 25338278
Overview
Messages
Build Orders
End
Construct Infanterie Kompanie
Grenadier Squad
Grenadier Squad
Grenadier Squad
Medical Station
Construct Panzergrenadier Kompanie
Pak 40 Anti-tank Gun Team
Sniper
Grenadier Squad
Infanterie Officer Quarters
Pak 40 Anti-tank Gun Team
Mantis Mantis
Luziefer
Doom&Gloom
LOLwhat2
YangXYZ
авокадо
0
0
Comments
sign in to comment!
No comments posted yet!